 Dungeon Crawl Stone Soup version 0.20-a0-1058-g0491fde (webtiles) character file.

3283 Gorglomux the Severer (level 10, -4/77 HPs)
             Began as a Hill Orc Monk on Apr 26, 2017.
             Was a Believer of Makhleb.
             Slain by an orc warrior
             ... wielding a +0 glaive
              (10 damage)
             ... on level 7 of the Dungeon.
             The game lasted 00:11:20 (7113 turns).

Gorglomux the Severer (Hill Orc Monk)               Turns: 7113, Time: 00:11:20

Health: -4/77      AC:  7    Str: 15    XL:     10   Next: 0%
Magic:  13/13      EV: 11    Int: 10    God:    Makhleb [**....]
Gold:   421        SH:  0    Dex: 16    Spells: 9/9 levels left

rFire    . . .     SeeInvis +   n - +1 war axe
rCold    . . .     Gourm    .   (no shield)
rNeg     + . .     Faith    .   o - +0 leather armour
rPois    .         Spirit   .   (no helmet)
rElec    .         Reflect  .   r - +0 cloak
rCorr    .         Harm     .   y - +2 pair of gloves
MR       .....                  (no boots)
Stlth    +.........             (no amulet)
Regen    0.3/turn               l - ring of positive energy {rN+}
MPRegen  0.2/turn               q - ring of see invisible {sInv, !d}

@: heavily drained
A: no striking features
a: Minor Destruction, Renounce Religion


You were on level 7 of the Dungeon.
You worshipped Makhleb.
Makhleb was pleased with you.
You were not hungry.

You visited 1 branch of the dungeon, and saw 7 of its levels.

You collected 421 gold pieces.

Inventory:

Hand Weapons
 a - a +0 hand axe
 n - a +1 war axe (weapon)
   (You found it on level 2 of the Dungeon)
Missiles
 h - a throwing net {=f, !d}
 z - 10 curare-tipped needles
Armour
 o - a +0 leather armour (worn)
   (You found it on level 2 of the Dungeon)
 r - a +0 cloak (worn)
   (You found it on level 3 of the Dungeon)
 y - a +2 pair of gloves (worn)
   (You found it on level 4 of the Dungeon)
Jewellery
 l - a ring of positive energy (left hand) {rN+}
   (You found it on level 2 of the Dungeon)
 q - a ring of see invisible (right hand) {sInv, !d}
   (You found it on level 3 of the Dungeon)
Wands
 s - a wand of iceblast (7/15)
   (You found it on level 4 of the Dungeon)
 w - a wand of iceblast (10/15)
   (You found it on level 4 of the Dungeon)
Scrolls
 f - 3 scrolls of noise {unknown}
 i - 2 scrolls of magic mapping {unknown}
 j - 6 scrolls of identify {unknown}
 m - 4 scrolls of remove curse {unknown}
 t - 2 scrolls of enchant weapon
 u - a scroll of blinking {unknown}
 x - 2 scrolls of teleportation {unknown}
 A - 2 scrolls of enchant armour {unknown}
 F - a scroll of fear {unknown}
Potions
 e - a potion of resistance {unknown}
 k - 2 potions of curing
 p - a potion of haste {unknown}
 v - a potion of heal wounds {unknown}
 C - a potion of brilliance {unknown}
 E - a potion of flight {unknown}
 G - a potion of lignification {!q}
Books
 B - a book of Party Tricks
   (You found it on level 7 of the Dungeon)
Comestibles
 b - 2 chunks of flesh {@w0@w0}
 c - 2 bread rations {@e1@e1}
 d - 4 meat rations {@e2@e2}
 g - 8 royal jellies


   Skills:
 - Level 3.6(2.4) Fighting
 - Level 16.5(14.8) Axes
 - Level 2.4(1.2) Dodging
 - Level 1.5(0.4) Stealth
 + Level 4.0(2.8) Invocations


You had 9 spell levels left.
You didn't know any spells.

Dungeon Overview and Level Annotations

Branches:
Dungeon (7/15)
 Temple: D:4-7

Altars:
Cheibriados
Dithmenos
Elyvilon
Makhleb
Ru
The Shining One

Shops:
D:5 %

Annotations:
D:3 1 runed door
D:4 asdu's ghost, novice HOGl


Message History

You see here a book of Party Tricks.
B - a book of Party Tricks An orc comes into view.
It is wielding a flail.
The orc moves out of view.
Aim: an ooze You fail to use your ability.
You hit the ooze. The ooze barely misses you.
You slash the ooze!
You kill the ooze!
Makhleb accepts your kill.
No target in view!
No target in view!
Okay, then.
d - 4 meat rations {@e2@e2} (gained 1)
An orc is nearby!
An orc is nearby!
Aim: an orc, wielding a flail (hasn't noticed you)
The stone arrow hits the orc.
You kill the orc!
Makhleb accepts your kill.
Your base Invocations skill increases to level 4!
An orc comes into view. It is wielding a hand axe.
You take 1 damage, and have 75/77 hp.
Aim: an orc, wielding a hand axe (hasn't noticed you)
The glob of acid hits the orc.
The orc is splashed with acid.
The acid corrodes the orc!
You kill the orc!
Makhleb accepts your kill.
You feel better.
An orc comes into view. It is wielding a dagger.
Aim: an orc, wielding a dagger and wearing a leather armour (hasn't noticed you)
The puff of flame hits the orc.
The orc shouts!
An orc and an orc warrior come into view.
You take 1 damage, and have 74/77 hp.
Aim: an orc warrior, wielding a glaive and wearing a chain mail (hasn't noticed you)
The zap misses the butterfly.
The zap misses the orc warrior.
The orc warrior shouts!
You take 1 damage, and have 73/77 hp.
Aim: an orc warrior, wielding a glaive and wearing a chain mail The zap misses the butterfly.
The zap hits the orc warrior.
Aim: an orc warrior, wielding a glaive and wearing a chain mail (lightly wounded)
The zap hits the orc warrior.
The orc shouts!
The orc throws a silver tomahawk.
The silver tomahawk closely misses you.
Aim: an orc warrior, wielding a glaive and wearing a chain mail (lightly wounded)
The stone arrow hits the orc warrior.
The orc throws a silver tomahawk.
The silver tomahawk closely misses you.
Aim: an orc warrior, wielding a glaive and wearing a chain mail (lightly wounded)
The glob of acid misses the orc warrior.
Aim: an orc warrior, wielding a glaive and wearing a chain mail (lightly wounded)
You fail to use your ability.
You take 2 damage, and have 71/77 hp.
MP restored: 13
Aim: an orc warrior, wielding a glaive and wearing a chain mail (lightly wounded)
The puff of flame misses the orc warrior.
The orc warrior closely misses you.
You take 1 damage, and have 70/77 hp.
Aim: an orc warrior, wielding a glaive and wearing a chain mail (lightly wounded)
The zap misses the orc warrior.
The orc warrior closely misses you.
You take 1 damage, and have 69/77 hp.
Unknown command.
The orc completely misses you.
You slash the orc warrior! You hit the orc.
You kill the orc!
Makhleb accepts your kill.
The orc warrior hits you with a glaive!!
The orc throws a silver tomahawk.
The silver tomahawk closely misses you.
You are too injured to fight recklessly!
You take 23 damage, and have 46/77 hp.
MASSIVE DAMAGE!!
You hit the orc warrior but do no damage.
The orc warrior hits you with a glaive!
You take 10 damage, and have 36/77 hp.
You barely miss the orc warrior. You hit the orc. The orc closely misses you.
You closely miss the orc warrior. You hit the orc.
The orc warrior hits you with a glaive!
* * * LOW HITPOINT WARNING * * *
You take 17 damage, and have 19/77 hp.
MASSIVE DAMAGE!!
You hit the orc warrior. You hit the orc.
You kill the orc!
Makhleb accepts your kill.
The orc warrior hits you from afar with a glaive!!
* * * LOW HITPOINT WARNING * * *
You take 18 damage, and have 1/77 hp.
MASSIVE DAMAGE!!
There is a stone staircase leading up here.
You see here a wand of polymorph (?/24).
Some of the chunks of flesh in your inventory have rotted away.
A quokka skeleton comes into view.
Found 26 gold pieces.
Found an escape hatch in the ceiling.
Found a stone staircase leading down.
There is a stone staircase leading down here.
The quokka skeleton bites you.
* * * LOW HITPOINT WARNING * * *
You take 3 damage, and have 5/77 hp.
There is an escape hatch in the ceiling here.
The orc warrior hits you from afar with a glaive!
You die...

#.$......#
#........#
#........#
#/.......###
#..........#
#......>.#.#
#........#.##
#...Z.o..#..#
#...@....##.#
######..###.####
##.# #....###
#$# ####...# #.#
###.# .# #.####
#..##< ##/##. #
###..#(


You could see an orc warrior and a quokka skeleton.

Vanquished Creatures
  A two-headed ogre (D:5)
  3 ice beasts (D:5)
  An orc warrior (D:6)
  A phantom (D:6)
  2 sky beasts
  2 ogres (D:5)
  3 centaurs
  A big kobold (D:5)
  6 bullfrogs
  A scorpion (D:6)
  4 crimson imps
  2 hounds (D:5)
  A bullfrog skeleton (D:4)
  2 bullfrog zombies (D:5)
  2 jellies
  A centaur skeleton (D:5)
  8 orc wizards
  A gnoll shaman (D:2)
  4 worker ants
  A worker ant zombie (D:6)
  13 gnolls
  11 adders
  A shadow imp (D:6)
  3 oozes
  An adder zombie (D:5)
  3 worms (D:2)
  A dart slug (D:1)
  4 leopard geckos
  26 orcs
  5 bats
  4 giant cockroaches
  4 goblins
  8 hobgoblins
  8 jackals
  2 quokkas
  A ball python (D:4)
  6 frilled lizards
  2 kobolds
  2 rats (D:1)
152 creatures vanquished.

Notes
Turn   | Place    | Note
-------+----------+-------------------------------------------
     0 | D:1      | Gorglomux the Hill Orc Monk began the quest for the Orb.
     0 | D:1      | Reached XP level 1. HP: 19/19 MP: 1/1
   251 | D:1      | Reached XP level 2. HP: 26/26 MP: 2/2
   671 | D:1      | Reached skill level 5 in Axes
   797 | D:2      | Reached XP level 3. HP: 19/31 MP: 3/3
   988 | D:2      | HP: 6/31 [worm (9)]
  1781 | D:2      | Reached skill level 6 in Axes
  1884 | D:2      | Reached XP level 4. HP: 38/39 MP: 4/4
  2185 | D:3      | Reached skill level 7 in Axes
  2187 | D:3      | Reached XP level 5. HP: 37/45 MP: 5/5
  2204 | D:3      | Found a white marble altar of Elyvilon.
  2328 | D:3      | Reached skill level 8 in Axes
  2609 | D:3      | Found a glowing golden altar of the Shining One.
  2609 | D:3      | Found a runed door.
  2609 | D:3      | Noticed an angel
  2666 | D:3      | Reached XP level 6. HP: 22/51 MP: 6/6
  3073 | D:4      | Found a sacrificial altar of Ru.
  3163 | D:4      | Reached skill level 9 in Axes
  3166 | D:4      | Noticed asdu's ghost (novice HOGl)
  3216 | D:3      | HP: 12/51 [orc wizard/puff of flame (5)]
  3898 | D:4      | Found a snail-covered altar of Cheibriados.
  3898 | D:4      | Found a shadowy altar of Dithmenos.
  3928 | D:4      | Reached skill level 10 in Axes
  3928 | D:4      | Reached XP level 7. HP: 57/57 MP: 7/7
  4169 | D:5      | Entered Level 5 of the Dungeon
  4245 | D:5      | HP: 14/57 [worker ant (5)]
  4490 | D:5      | Reached skill level 11 in Axes
  4695 | D:5      | Reached XP level 8. HP: 58/64 MP: 8/8
  4736 | D:5      | Reached skill level 12 in Axes
  4908 | D:5      | Found a glowing golden altar of the Shining One.
  4943 | D:5      | Found Esosch's Food Shoppe.
  4983 | D:5      | Reached skill level 13 in Axes
  5334 | D:6      | Reached skill level 14 in Axes
  5452 | D:6      | Reached XP level 9. HP: 64/70 MP: 9/9
  5482 | D:6      | Noticed a two-headed ogre
  5818 | D:5      | Reached skill level 15 in Axes
  6056 | D:5      | Killed a two-headed ogre
  6056 | D:5      | Reached skill level 16 in Axes
  6154 | D:6      | HP: 16/70 [orc warrior/halberd (17)]
  6159 | D:6      | HP: 13/70 [orc wizard/magic dart (4)]
  6239 | D:6      | HP: 17/70 [poisoned by an adder]
  6259 | D:6      | HP: 16/70 [orc/mace (4)]
  6754 | D:6      | Found a burning altar of Makhleb.
  6765 | D:6      | Became a worshipper of Makhleb the Destroyer
  6765 | D:6      | Reached * piety under Makhleb
  6765 | D:6      | Reached ** piety under Makhleb
  6826 | D:6      | Reached skill level 2 in Invocations
  6893 | D:6      | Reached skill level 3 in Invocations
  7053 | D:7      | Reached XP level 10. HP: 75/77 MP: 12/12
  7062 | D:7      | Reached skill level 4 in Invocations
  7077 | D:7      | HP: 19/77 [orc warrior/glaive (17)]
  7079 | D:7      | HP: 1/77 [orc warrior/glaive (18)]
  7110 | D:7      | HP: 5/77 [quokka skeleton (3)]
  7113 | D:7      | Slain by an orc warrior

Vault maps used:
D:1:      minmay_arrival_solitary_statue
D:3:      elyvilon_altar_5, first_bread, lemuel_angel_altar
D:4:      lemuel_crystal_altar, gammafunk_temple_overflow_elements
D:5:      tso_metal_star, serial_shops, shop
D:6:      minmay_opposing_rooms, makhleb_grotto_becter, serial_curves,
          eino_curves_03, eino_curves_04
D:7:      minmay_temple_entry_butterflies, minivault_10

Skill      XL: |  1  2  3  4  5  6  7  8  9 10 |
---------------+-------------------------------+-----
Axes           | 5 6 7 8 10 11 14 16 | 16.5
Invocations    | 3 4 |  4.0
Fighting       | |  3.6
Dodging        | |  2.4
Stealth        | |  1.5

Action                   |  1- 3 |  4- 6 |  7- 9 | 10-12 || total
-------------------------+-------+-------+-------+-------++-------
Melee: Hand axe          |   112 |       |       |       ||   112
       War axe           |     3 |   119 |   307 |     7 ||   436
Invok: Minor Destruction |       |       |    13 |    11 ||    24
  Use: Scroll            |       |     1 |       |       ||     1
       Potion            |       |       |     3 |       ||     3
 Stab: Sleeping          |     4 |       |     6 |       ||    10
       Distracted        |     1 |       |       |       ||     1
  Eat: Chunk             |     3 |     6 |    11 |       ||    20
Armor: Robe              |    11 |       |       |       ||    11
       Leather armour    |       |    32 |    71 |       ||   103
       Skin              |       |       |     6 |       ||     6
Dodge: Dodged            |    71 |    83 |   164 |     8 ||   326

Vault maps used:
D:1:      minmay_arrival_solitary_statue
D:3:      elyvilon_altar_5, first_bread, lemuel_angel_altar
D:4:      lemuel_crystal_altar, gammafunk_temple_overflow_elements
D:5:      tso_metal_star, serial_shops, shop
D:6:      minmay_opposing_rooms, makhleb_grotto_becter, serial_curves,
          eino_curves_03, eino_curves_04
D:7:      minmay_temple_entry_butterflies, minivault_10

Table legend:
 A = Turns spent in this place as a percentage of turns spent in the entire game.
 B = Non-inter-level travel turns spent in this place as a percentage of non-inter-level travel turns spent in the entire game.
 C = Inter-level travel turns spent in this place as a percentage of turns spent in this place.
 D = Turns resting spent in this place as a percentage of non-inter-level travel turns spent in this place.
 E = Turns spent auto-exploring this place as a percentage of non-inter-level travel turns spent in this place.
 F = Non-inter-level travel turns spent in this place divided by the number of levels of this place that you've seen.
                   A       B       C       D       E      F
               +-------+-------+-------+-------+-------+----------------------
         Total | 100.0 | 100.0 |   0.8 |   3.0 |   6.7 | 317.9
       Dungeon | 100.0 | 100.0 |   0.8 |   3.0 |   6.7 | 317.9
               +-------+-------+-------+-------+-------+----------------------

Table legend:
 A = Kills in this place as a percentage of kills in entire the game.
 B = Kills by you in this place as a percentage of kills by you in the entire game.
 C = Kills by friends in this place as a percentage of kills by friends in the entire game.
 D = Other kills in this place as a percentage of other kills in the entire game.
 E = Experience gained in this place as a percentage of experience gained in the entire game.
 F = Experience gained in this place divided by the number of levels of this place that you have seen.
                   A       B       C       D       E      F
               +-------+-------+-------+-------+-------+----------------------
         Total | 100.0 | 100.0 |  -nan |  -nan | 100.0 | 670.0
       Dungeon | 100.0 | 100.0 |  -nan |  -nan | 100.0 | 670.0
               +-------+-------+-------+-------+-------+----------------------
